Unix NetHack Version 3.7.0-73 Work-in-progress - last build Feb 17 2023 02:16:44 (48fe2e8c4a70f1d2d5b622443eb9b5bc1b8d05f7,branch:master). Game began 2023-02-17 23:53:14, ended 2023-02-18 00:24:38. Gandelf, neutral male human Monk ---- ---...--- |.......| --.d.....-- |<@.......| |.........| |.........| --.......-- |.......| ---...--- ---- Gandelf the Initiate St:18 Dx:13 Co:13 In:12 Wi:12 Ch:12 Neutral S:4060 Dlvl:9 $:428 HP:0(49) Pw:40(40) AC:2 Xp:7/683 T:4125 Burdened Latest messages: The little dog is splashed by the acid blob's acid! You fall down the stairs. There are several objects here. You hit the hill orc! The hill orc wields a curved sword! You hit the hill orc! The hill orc swings her curved sword. The hill orc misses! You kill the hill orc! Welcome to experience level 7. You feel sensitive! You have a little trouble lifting z - a puce potion. You see here a curved sword. The hill orc wields a curved sword! You hit the hill orc! The hill orc swings her curved sword. The hill orc misses! You kill the hill orc! You see here a curved sword. The hill orc thrusts her crude dagger. The hill orc hits! You hit the hill orc! The hill orc thrusts her crude dagger. The hill orc misses! You hit the hill orc! The hill orc thrusts her crude dagger. The hill orc hits! You kill the hill orc! You have a little trouble lifting $ - 24 gold pieces (428 in total). You see here a crude dagger. You hear someone counting gold coins. With great effort you move the boulder. You fall down the stairs. You hit the warg! The warg bites! The warg bites! You hit the warg! The warg bites! You hit the warg! The warg bites! You hit the warg! The warg bites! There appears to be no shopkeeper here to receive your payment. The warg bites! You die... Do you want your possessions identified? [ynq] (y) y Do you want to see your attributes? [ynq] (y) y Do you want an account of creatures vanquished? [ynaq] (y) y Do you want to see your conduct and achievements? [ynq] (y) y Do you want to see the dungeon overview? [ynq] (y) y Inventory: Coins $ - 428 gold pieces Weapons m - 23 +0 arrows R - a +1 elven arrow C - 12 +0 darts s - a +0 dagger Armor a - an uncursed +2 pair of leather gloves (being worn) u - an uncursed +0 pair of elven boots K - an uncursed +0 pair of iron shoes (being worn) n - an uncursed +0 dwarvish cloak p - an uncursed +0 dwarvish cloak X - an uncursed +0 mummy wrapping b - an uncursed +1 robe (being worn) Comestibles M - 3 uncursed slime molds g - 6 uncursed apples W - an uncursed cream pie J - 5 uncursed food rations h - 7 uncursed oranges l - an uncursed pancake x - 2 cursed rotten tins of jackal meat Scrolls r - an uncursed scroll of create monster Q - 2 uncursed scrolls of earth Y - an uncursed scroll of enchant weapon w - an uncursed scroll of gold detection d - an uncursed scroll of identify A - 2 uncursed scrolls of identify y - an uncursed scroll of light U - a cursed scroll of remove curse B - an uncursed scroll of teleportation Spellbooks f - an uncursed spellbook of detect monsters c - a blessed spellbook of healing E - an uncursed spellbook of magic missile Potions V - a cursed diluted potion of monster detection i - a cursed potion of restore ability z - an uncursed potion of sleeping e - 3 uncursed potions of water t - an uncursed potion of water F - an uncursed potion of water Rings S - an uncursed +1 ring of adornment N - a cursed +2 ring of increase accuracy P - a cursed -1 ring of increase damage Wands O - a wand of create monster (0:11) Z - a wand of lightning (0:5) v - a wand of make invisible (0:5) T - a wand of make invisible (0:3) G - a wand of nothing (0:15) Tools L - an uncursed mirror j - an uncursed oil lamp o - a +0 pick-axe k - an uncursed skeleton key q - a cursed tallow candle Gems/Stones H - 2 uncursed worthless pieces of orange glass Gandelf the Monk's attributes: Background: You were an Initiate, a level 7 male human Monk. You were neutral, on a mission for Chih Sung-tzu who was opposed by Shan Lai Ching (lawful) and Huan Ti (chaotic). You were in the Dungeons of Doom, on level 9. You entered the dungeon 4125 turns ago. It was the midnight hour. You had 683 experience points, 597 more were needed to attain level 8. Your score was 4060 before end-of-game adjustments. Basics: You had 0 out of 49 hit points. You had all 40 energy points (spell power). Your armor class was 2. Your wallet contained 428 zorkmids. Autopickup was on for '$?!+/=' plus thrown. Final Characteristics: Your strength was 18 (limit:18/100). Your dexterity was 13 (limit:18). Your constitution was 13 (limit:18). Your intelligence was 12 (limit:18). Your wisdom was 12 (limit:18). Your charisma was 12 (limit:18). Final Status: You were not hungry. You were burdened; movement was slightly slowed. You were empty handed. You had basic skill with martial arts and could have enhanced that. Final Attributes: You were piously aligned. You were sleep resistant. You were poison resistant. You saw invisible. You were warned. You were stealthy. You were guarded. You were fast. You are dead. Miscellaneous: You never encountered a bones level. Total elapsed playing time was 31 minutes and 23 seconds. Major events: Turn 1: Gandelf the neutral male human Monk entered the dungeon 464: attained the rank of Novice (level 3) 507: entered the Gnomish Mines 2100: entered Sokoban 2465: completed 1st Sokoban level 2585: attained the rank of Initiate (level 6) 2968: completed 2nd Sokoban level 4125: killed by a warg Vanquished creatures: a ghost a leprechaun 2 giant spiders a Green-elf a dust vortex 3 bugbears 2 rock piercers a rock mole a fog cloud a gnome leader a kobold mummy a black naga hatchling a gray ooze 2 elf zombies a straw golem 3 giant ants a little dog a kitten 2 dwarves a homunculus 3 hill orcs a giant bat a dwarf zombie 2 iguanas 3 acid blobs 5 hobbits a hobgoblin 5 giant rats a brown mold 2 yellow molds 4 gnomes 5 garter snakes 2 geckos 6 jackals 2 kobolds a goblin 3 sewer rats 6 grid bugs 2 lichens a kobold zombie 5 newts 89 creatures vanquished. No species were genocided or became extinct. Voluntary challenges: You followed a strict vegan diet. You never hit with a wielded weapon. You were illiterate. You never engraved Elbereth. You never genocided any monsters. You never polymorphed an object. You never changed form. You used no wishes. You did not violate any of the special Sokoban rules. Achievements: You attained the rank of Novice. You entered the Gnomish Mines. You entered Sokoban. You attained the rank of Initiate. The Dungeons of Doom: levels 1 to 9 Level 1: Level 2: A fountain. Level 3: Stairs down to The Gnomish Mines. Level 4: A fountain. Level 5: A fountain, a sink. Level 6: Level 7: Level 8: A fountain. Stairs up to Sokoban, level 7. Level 9: <- You were here. Final resting place for you, killed by a warg. The Gnomish Mines: levels 4 to 5 Level 4: Level 5: Sokoban: levels 7 up to 6 Level 6: Solved. Level 7: Solved. Game over: ---------- / \ / REST \ / IN \ / PEACE \ / \ | Gandelf | | 428 Au | | killed by a warg | | | | | | | | 2023 | *| * * * | * _________)/\\_//(\/(/\)/\//\/|_)_______ Goodbye Gandelf the Monk... You died in The Dungeons of Doom on dungeon level 9 with 4018 points, and 428 pieces of gold, after 4125 moves. You were level 7 with a maximum of 49 hit points when you died.